cohdb
Replays
Latest Replays
All Replays
Popular Replays
Top Player Replays
Match Explorer
How It Works
Community
CoH3 Stats
Reddit
Sign in to upload your games and track your stats! →
Sign in with Steam
Match 41137347
Unlisted
Match 41137347
Overview
Messages
Build Orders
End
Scout Squad
Construct Barracks
Selects Armored Battlegroup
Selects Veteran Crews
Riflemen Squad
Riflemen Squad
Riflemen Squad
Mechanized Support Center
Construct Weapon Support Center
M1919 Machine Gun Team
Construct Medical Station
M3 Armored Personnel Carrier
Construct Medical Station
Designate Forward Repair Station
M1 Mortar Team
M1918 Browning Automatic Rifles
Engineer Squad
Sniper
Selects M31 Recovery Vehicle
Selects War Machine
M3 Armored Personnel Carrier
Riflemen Squad
Grenade Package
M3 Armored Personnel Carrier
FutureNP
就是瞎掰
0
0
Comments
sign in to comment!
No comments posted yet!